 Dungeon Crawl Stone Soup version 0.19-a0-27-g415f530 (webtiles) character file.

777195 Karasique the Intangible (level 27, -24/219 HPs)
             Began as a Vampire Fighter on Apr 30, 2016.
             Was the Champion of Makhleb.
             Annihilated by a large abomination (31 damage)
             ... summoned by Mnoleg
             ... while paralysed by a giant eyeball
             ... in Pandemonium on May 1, 2016.
             The game lasted 06:14:43 (77376 turns).

Karasique the Intangible (Vampire Fighter)         Turns: 77376, Time: 06:14:43

Health: -24/219    AC: 28    Str: 43      XL:     27
Magic:  31/36      EV:  2    Int: 11 (14) God:    Makhleb [******]
Gold:   6893       SH:  0    Dex: 12 (14) Spells: 8 memorised, 18 levels left

rFire  + + .     SeeInvis +     A - +2 triple sword of Finwoiz {elec, rPois}
rCold  + + +     Gourm    .     G - +5 faerie dragon armour {Slay+2}
rNeg   + + +     Faith    .     (shield currently unavailable)
rPois  ∞         Spirit   .     u - +3 hat of Pondering {ponderous, MR+ MP+10 Int+5}
rElec  +         Dismiss  .     l - +1 cloak
rCorr  +         Reflect  .     Y - +0 pair of gloves "Luxy" {rElec rF+ Regen+ Dex-2}
SustAt .         Harm     .     h - +2 pair of boots {run}
MR     +++++     Clarity  +     y - amulet of the Four Winds {rN+ MR+++ Clar}
Stlth  ++++++++++               r - ring of Symmetry {rCorr rC- Str+8}
                                q - ring of Hyrcham {rElec rPois rC+++ MP-9 Str+5}

@: paralysed, mighty, agile, very slightly contaminated, bloodless,
non-regenerating, hasted, studying Long Blades, almost entirely resistant to
hostile enchantments, uncannily stealthy
A: antennae 1, claws 1, fangs 3, icy blue scales 1, rough black scales 1,
camouflage 1, see invisible, berserk 1, clumsy 2, deformed body, deterioration
2, dopey 2, fire resistance 1, low mp 1, screaming 3, strong 1, unbreathing, no
device heal 1, MP-powered wands
a: Bat Form, Minor Destruction, Lesser Servant of Makhleb, Major Destruction,
Greater Servant of Makhleb, Renounce Religion
}: 6/15 runes: decaying, serpentine, slimy, silver, abyssal, fiery


You were in Pandemonium.
You worshipped Makhleb.
Makhleb was exalted by your worship.
You were bloodless.

You visited 11 branches of the dungeon, and saw 56 of its levels.
You visited Pandemonium 2 times, and saw 19 of its levels.
You visited the Abyss 4 times.
You also visited: Trove, Sewer, Ice Cave and Volcano.

You collected 9130 gold pieces.
You spent 2237 gold pieces at shops.

Inventory:

Hand Weapons
 A - the +2 triple sword of Finwoiz (weapon) {elec, rPois}
   (You acquired it on level 4 of the Lair of Beasts)

   Occasionally, upon striking a foe, it will discharge some electrical energy
   and cause terrible harm.
   It protects you from poison.
 R - the +7 great sword of Wamued {slice, rF++ SInv}
   (You found it on level 15 of the Dungeon)

   It inflicts extra damage upon your enemies.
   It greatly protects you from fire.
   It lets you see invisible.
Missiles
 M - 5 throwing nets (quivered)
Armour
 h - a +2 pair of boots of running (worn)
 l - a +1 cloak (worn)
 u - the +3 hat of Pondering (worn) {ponderous, MR+ MP+10 Int+5}
   (You found it in a treasure trove)

   It affects your intelligence (+5).
   It affects your resistance to hostile enchantments.
   It affects your magic capacity (+10).
 x - the +5 chain mail of Heun {rF+ rN+ Str+3}
   (You found it in Pandemonium)

   It affects your strength (+3).
   It protects you from fire.
   It protects you from negative energy.
 G - the +5 faerie dragon armour (worn) {Slay+2}
   (You took it off the Enchantress on level 3 of the Depths)

   It affects your accuracy and damage with ranged weapons and melee attacks
   (+2).
 Y - the +0 pair of gloves "Luxy" (worn) {rElec rF+ Regen+ Dex-2}
   (You found it on level 3 of the Vaults)

   It affects your dexterity (-2).
   It protects you from fire.
   It insulates you from electricity.
   It increases your rate of regeneration.
Jewellery
 j - the amulet of Miheip {*Corrode +Rage rN+ Str+6 Slay+2}
   (You found it in a treasure trove)

   [amulet of rage]

   It affects your strength (+6).
   It affects your accuracy and damage with ranged weapons and melee attacks
   (+2).
   It protects you from negative energy.
   It lets you go berserk.
   It may corrode you when you take damage.
 q - the ring of Hyrcham (left hand) {rElec rPois rC+++ MP-9 Str+5}
   (You found it in Pandemonium)

   [ring of strength]

   It affects your strength (+5).
   It renders you almost immune to cold.
   It insulates you from electricity.
   It protects you from poison.
   It affects your magic capacity (-9).
 r - the ring of Symmetry (right hand) {rCorr rC- Str+8}
   (You found it in Pandemonium)

   [ring of resist corrosion]

   It affects your strength (+8).
   It makes you vulnerable to cold.
 y - the amulet of the Four Winds (around neck) {rN+ MR+++ Clar}
   (You took it off a vault guard on level 5 of the Vaults)

   [amulet of nothing]

   It protects you from negative energy.
   It affects your resistance to hostile enchantments.
   It protects you against confusion.
 W - a +3 ring of evasion
Wands
 c - a wand of disintegration (16/24)
 o - a wand of digging (8/24)
 s - a wand of disintegration (7/24)
 I - a wand of teleportation (2/9)
 U - a wand of disintegration (16/24)
 X - a wand of heal wounds (3/9)
Scrolls
 a - 14 scrolls of fear
 b - 11 scrolls of recharging
 g - 35 scrolls of remove curse
 p - 2 scrolls of enchant armour
 v - 11 scrolls of blinking
 C - 2 scrolls of summoning
 E - 3 scrolls of silence
 J - 4 scrolls of teleportation
 K - 18 scrolls of identify
 O - 10 scrolls of fog
 P - 5 scrolls of magic mapping
 Z - 2 scrolls of enchant weapon
Potions
 d - 11 potions of might
 f - 3 potions of resistance
 i - 4 potions of blood
 k - 14 potions of heal wounds
 n - 7 potions of magic
 t - 15 potions of flight
 w - 9 potions of agility
 z - 12 potions of haste
 B - 6 potions of cancellation
 D - a potion of ambrosia
 F - 27 potions of curing
 H - 10 potions of berserk rage
 L - a potion of invisibility
 Q - a potion of cure mutation
 S - 10 potions of brilliance
Books
 e - a manual of Long Blades
Miscellaneous
 m - a phantom mirror
 T - a lamp of fire


   Skills:
 - Level 18.4 Fighting
 - Level 24.0 Long Blades
 - Level 15.0 Armour
 O Level 27 Dodging
 + Level 22.4 Stealth
   Level 3.6 Shields
 - Level 12.2 Spellcasting
 - Level 13.6 Hexes
 - Level 14.1 Charms
 - Level 8.8 Translocations
 - Level 7.4 Air Magic
 - Level 14.2 Invocations
 - Level 3.3 Evocations


You had 18 spell levels left.
You knew the following spells:

 Your Spells              Type           Power        Failure   Level  Hunger
a - Regeneration          Chrm/Necr      ###.......   1%          3    #......
b - Spectral Weapon       Hex/Chrm       #####...     1%          3    #......
c - Deflect Missiles      Chrm/Air       ####......   24%         6    ######.
d - Haste                 Chrm           #####...     6%          6    ######.
e - Silence               Hex/Air        ####......   4%          5    #####..
f - Apportation           Tloc           ####......   1%          1    None
g - Blink                 Tloc           N/A          1%          2    None
h - Invisibility          Hex            #####...     8%          6    ######.


Dungeon Overview and Level Annotations

Branches:
Dungeon (15/15)            Temple (1/1) D:5            Lair (8/8) D:8
  Swamp (4/4) Lair:3        Snake (4/4) Lair:5        Slime (6/6) Lair:6
    Orc (2/2) D:10            Elf (3/3) Orc:2        Vaults (5/5) D:13
  Crypt (3/3) Vaults:3       Tomb (0/3) Crypt:3      Depths (5/5) D:15
    Zot (0/5) Depths:5

Altars:
Ashenzari
Cheibriados
Dithmenos
Elyvilon
Fedhas
Gozag
Kikubaaqudgha
Makhleb
Nemelex Xobeh
Okawaru
Pakellas
Qazlal
Ru
Sif Muna
Trog
Vehumet
Xom
Yredelemnul
Zin
The Shining One
Jiyva
Lugonu

Shops:
D:4 =   D:8 (}**(   D:10 (   D:12 *   Orc:2 :?(?   Elf:2 (*%*   Elf:3 }
Vaults:2 !   Vaults:5 !%!   Depths:1 %?}

Portals:
Hell: Depths:1 Depths:2 Depths:3 Depths:4 Depths:5
Abyss: Depths:1 Depths:3 Depths:4
Pandemonium: Orc:2 Depths:3
Ziggurat: Depths:4

Annotations:
Pan Mnoleg


Innate Abilities, Weirdness & Mutations

You do not heal naturally.
You are immune to poison.
You have razor-sharp teeth.
You have supernaturally acute eyesight.
You can survive without breathing.
You have a pair of small antennae on your head.
You have sharp fingernails.
You are partially covered in icy blue scales (AC +1).
You are partially covered in rough black scales (AC +4, Dex -1).
Your skin changes colour to match your surroundings (Stealth).
You tend to lose your temper in combat.
You are very clumsy. (Dex -4)
Armour fits poorly on your strangely shaped body.
Your body often deteriorates upon taking damage.
You are very dopey. (Int -4)
Your flesh is heat resistant.
Your magical capacity is low (-10% MP).
You frequently scream uncontrollably at your foes.
Your muscles are strong. (Str +2)
Potions and wands are less effective at restoring your health.
You expend magic power (3 MP) to strengthen your wands.


Message History

Mnoleg tentacle-slaps your spectral weapon!
Your spectral weapon shares its damage with you!
Your spectral weapon fades away.
The large abomination hits you but does no damage.
The great orb of eyes bites you but does no damage.
The large abomination hits you!
The iron imp disappears in a puff of smoke!
Something bites the neqoxec but does no damage.
Something claws the neqoxec but does no damage. x2
The great orb of eyes bites you but does no damage.
The large abomination hits you but does no damage.
Mnoleg gestures.
The great orb of eyes bites you but does no damage.
The large abomination hits you. The large abomination hits you!!
You hear a shout!
The great orb of eyes bites you.
Mnoleg gestures.
The large abomination hits you but does no damage.
The large abomination hits you!!
You die...

# ##...##
##...## .
#.5...## ...
#...#...#X....
#...###..3.....
#...# ##.XX##..
#...# #XG&#
#...# #GGG##
...# #XX@# .#
#..X## #...##
#...# #...#
...# ..# .#


You could see Mnoleg, 2 tentacled monstrosities, a great orb of eyes (berserk),
a shining eye, 4 large abominations, a neqoxec (petrified) and 2 giant eyeballs.

Vanquished Creatures
  the Royal Jelly (Slime:6)
  Khufu (Crypt:3)
  A juggernaut (Depths:4)
  Norris (Elf:2)
  A caustic shrike (Depths:4)
  Margery (Vaults:5)
  4 pandemonium lords (Pan)
  4 golden dragons
  2 profane servitors
  the Enchantress (Depths:3)
  Jory (Depths:5)
  A golden dragon (shapeshifter) (Depths:5)
  A Tzitzimitl (Pan)
  7 bone dragons
  Xtahua (Depths:3)
  An Ice Fiend (Pan)
  9 liches
  2 hellephants (Abyss:3)
  7 tentacled monstrosities
  A Hell Sentinel (Abyss:3)
  2 quicksilver dragons
  4 deep elf blademasters (Elf:3)
  8 titans
  2 deep elf master archers (Elf:3)
  10 sphinxes
  22 tentacled starspawn
  12 acid blobs
  12 Executioners
  3 ancient champions
  10 tengu reavers
  4 thorn hunters
  4 revenants
  6 storm dragons
  6 azure jellies (Slime:6)
  11 shadow dragons
  6 greater nagas (Snake:4)
  11 fire giants
  A draconian knight (Depths:5)
  A frost giant (shapeshifter) (Vaults:4)
  15 vault wardens
  9 frost giants
  6 deep elf sorcerers
  A caustic shrike zombie (Depths:2)
  A draconian zealot (Depths:5)
  3 warmongers (Pan)
  A ghoul (Crypt:3)
  An orc warlord (D:13)
  8 balrugs
  A curse skull (Crypt:1)
  15 cacodemons
  6 deep elf elementalists
  An angel (Abyss:3)
  36 very ugly things
  3 spriggan defenders (Depths:3)
  3 reapers (Pan)
  21 ironheart preservers
  4 corrupters (Pan)
  A draconian caller (Abyss:4)
  7 vampire knights
  3 salamander stormcallers
  18 stone giants
  10 deep elf demonologists
  3 blood saints (Pan)
  4 lorocyprocas
  2 black draconians
  A chaos champion (Pan)
  3 spark wasps
  A red draconian (Depths:5)
  3 green draconians (Depths:5)
  10 deep elf annihilators
  5 black suns (Pan)
  2 yellow draconians
  4 eidola
  A spark wasp (shapeshifter) (Depths:5)
  A white draconian (Depths:5)
  13 deep elf death magi
  2 mummy priests (Crypt:3)
  2 crystal guardians
  11 ettins
  7 green deaths
  17 jiangshi
  2 quicksilver dragon zombies
  A merfolk javelineer (Depths:1)
  40 vault guards
  4 blizzard demons
  2 merfolk impalers
  15 fire dragons
  18 yaktaur captains
  A quicksilver dragon skeleton (Abyss:4)
  4 death oozes (Slime:6)
  The ghost of namelastname112 the Carver, a journeyman DrGl of Gozag (D:11)
  5 entropy weavers
  12 deep elf high priests
  7 rakshasas
  4 monstrous demonspawn (Pan)
  10 ice dragons
  10 great orbs of eyes
  8 centaur warriors
  15 ogre magi
  An anaconda (shapeshifter) (Vaults:5)
  13 naga warriors
  3 spriggan air magi
  4 catoblepae
  14 hydras
  8 anacondas
  10 death knights
  3 hell hogs (Abyss:3)
  12 deep troll shamans
  7 deep troll earth magi
  6 alligators
  22 death yaks
  4 tengu warriors
  3 vampire magi
  25 dancing weapons
  22 thrashing horrors
  A titan zombie (Abyss:1)
  3 shock serpents
  9 orc high priests (Orc:2)
  11 naga sharpshooters
  Sonja (D:15)
  16 sun demons
  A titan skeleton (Crypt:2)
  27 deep elf knights
  4 spriggan berserkers
  10 soul eaters
  5 iron trolls
  5 shadow wraiths
  19 wretched stars
  A fire crab (Vaults:2)
  6 hell knights (Vaults:5)
  The ghost of Karasique the Cruncher, a novice VSGl of Okawaru (D:8)
  A fire crab (shapeshifter) (Vaults:5)
  25 skeletal warriors
  A sea snake (shapeshifter) (Abyss:4)
  11 giant orange brains
  A golden dragon zombie (Crypt:3)
  11 spatial maelstroms
  6 gelid demonspawn
  8 infernal demonspawn (Pan)
  A salamander mystic (Snake:4)
  6 unseen horrors
  39 deep trolls
  10 flayed ghosts
  10 swamp dragons
  3 putrid demonspawn (Pan)
  9 hill giants
  5 spriggan druids
  An anaconda zombie (Crypt:3)
  A lindwurm (shapeshifter) (Depths:3)
  10 torturous demonspawn
  7 naga ritualists
  7 shadow demons
  2 shambling mangroves
  Pikel (D:7)
  A golden dragon skeleton (Crypt:1)
  13 orc knights
  11 phantasmal warriors
  A stone giant zombie (Depths:2)
  7 necromancers
  25 ironbrand convokers
  An orb spider (shapeshifter) (Abyss:3)
  26 deep elf archers
  7 mana vipers
  2 wizards
  2 wolf spiders (Vaults:2)
  3 shining eyes
  2 shadow dragon skeletons
  A cyclops (shapeshifter) (Depths:2)
  4 orc sorcerers
  2 hornets (Swamp:1)
  A faun (shapeshifter) (D:13)
  A frost giant zombie (Crypt:1)
  69 deep elf magi
  A hornet (shapeshifter) (Vaults:3)
  21 sixfirhies
  5 griffons
  10 salamanders
  42 ugly things
  2 manticores
  A fire giant zombie (Depths:2)
  An iron dragon skeleton (Abyss:3)
  2 stone giant skeletons
  8 worldbinders
  4 cyclopes
  A fire giant skeleton (Crypt:3)
  2 frost giant skeletons
  19 elephants
  2 elephants (shapeshifter)
  2 hell hog skeletons
  3 toenail golems (Volcano)
  Maurice (Orc:2)
  25 black mambas
  An alligator snapping turtle zombie (Crypt:2)
  22 naga magi
  6 guardian serpents
  11 vault sentinels
  2 eyes of devastation
  3 ice statues
  34 smoke demons
  A storm dragon simulacrum (Abyss:3)
  17 spiny frogs
  7 rust devils
  4 apocalypse crabs (Abyss:3)
  An alligator snapping turtle skeleton (Crypt:1)
  A spiny frog (shapeshifter) (Abyss:3)
  76 yaktaurs
  2 rime drakes
  21 orange demons
  3 hellions
  13 hellwings
  15 freezing wraiths
  2 ice devils (Pan)
  8 komodo dragons
  An anaconda simulacrum (Abyss:3)
  5 tormentors
  A yaktaur (shapeshifter) (Vaults:3)
  A golden dragon simulacrum (Abyss:2)
  7 guardian mummies (Crypt:3)
  6 efreet
  3 demonic crawlers
  17 ancient zymes (Abyss:3)
  8 trolls
  11 red devils
  5 tengu conjurers
  A black draconian skeleton (Crypt:1)
  A queen bee (D:11)
  6 giant leeches
  A shadow dragon simulacrum (Crypt:3)
  4 polar bears
  59 raiju
  26 two-headed ogres
  A hydra skeleton (Crypt:2)
  96 slime creatures
  A hornet zombie (D:15)
  40 blink frogs
  A boulder beetle (Lair:6)
  5 bog bodies
  An ice dragon zombie (Crypt:2)
  Sigmund (D:3)
  A redback (shapeshifter) (Vaults:5)
  10 redbacks
  12 spriggans
  6 air elementals
  23 ynoxinuls
  8 shadows
  A tarantella (Depths:4)
  59 flying skulls
  13 wraiths
  A spriggan (shapeshifter) (Vaults:1)
  23 water elementals
  74 large abominations
  An alligator skeleton (Crypt:2)
  An ice dragon skeleton (Crypt:1)
  62 yaks
  8 fire bats (Abyss:3)
  3 hogs (Lair:5)
  3 vampires
  4 wyverns
  5 fire elementals
  A yak (shapeshifter) (Vaults:1)
  A black mamba skeleton (Abyss:3)
  A fire bat (shapeshifter) (Vaults:5)
  4 basilisks
  6 humans (Volcano)
  24 neqoxecs
  2 steam dragons
  5 wargs
  13 hippogriffs
  3 hungry ghosts
  A hippogriff (shapeshifter) (Vaults:4)
  2 vampire mosquitoes (Swamp:2)
  17 chaos spawn
  9 insubstantial wisps
  A mottled dragon (shapeshifter) (Abyss:3)
  A soldier ant (D:13)
  17 swamp worms
  35 nagas
  A spatial vortex (Abyss:1)
  A spiny frog zombie (Crypt:1)
  A hydra simulacrum (Abyss:3)
  A giant eyeball (Depths:2)
  A hell hound (Abyss:3)
  8 swamp drakes
  18 water moccasins
  8 porcupines
  A spectral spriggan (Crypt:3)
  2 black bears
  A fire dragon simulacrum (Crypt:3)
  37 orc warriors
  An eye of draining (shapeshifter) (D:15)
  6 eyes of draining
  A spiny frog skeleton (Abyss:3)
  11 wasps
  4 phantoms
  2 sky beasts
  116 starcursed masses
  14 wolves
  11 ice beasts
  4 necrophages (Crypt:3)
  50 ogres
  2 boggarts (Vaults:2)
  16 crocodiles
  A snapping turtle skeleton (Crypt:2)
  27 centaurs
  2 big kobolds
  22 giant frogs
  A gnoll sergeant (D:9)
  A wyvern zombie (D:7)
  5 earth elementals
  49 small abominations
  A wyvern skeleton (D:9)
  4 scorpions
  A polar bear zombie (Crypt:1)
  21 killer bees
  14 wights
  11 electric eels
  4 howler monkeys (D:13)
  A snapping turtle simulacrum (Crypt:2)
  6 crimson imps
  A giant frog zombie (D:8)
  6 centaur zombies
  6 quasits (Abyss:3)
  2 human zombies
  3 giant frog skeletons
  8 hounds
  4 centaur skeletons
  21 jellies
  30 orc priests
  29 orc wizards
  An iron imp (Abyss:3)
  Jessica (D:2)
  A human skeleton (Crypt:2)
  8 iguanas
  5 worker ants
  Natasha (thrice) (D:2)
  Ijyb (D:3)
  2 killer bee zombies
  38 sheep
  2 hound zombies
  3 hound skeletons
  16 gnolls
  A howler monkey skeleton (D:7)
  A steam dragon zombie (Crypt:2)
  17 adders
  61 river rats
  3 shadow imps
  17 white imps
  5 ufetubi
  5 oozes
  An adder skeleton (D:6)
  An iguana skeleton (Crypt:1)
  2 worms
  7 giant geckos
  85 orcs
  8 giant cockroaches
  2 goblins
  7 hobgoblins
  11 jackals
  3 quokkas
  5 ball pythons
  8 bats
  9 giant newts
  A jackal skeleton (Crypt:2)
  11 kobolds
  A kobold skeleton (Abyss:4)
  16 rats
  4 briar patches (Swamp:1)
  A fire vortex (Pan)
  A plant (D:15)
  23 starspawn tentacles
3409 creatures vanquished.

Vanquished Creatures (collateral kills)
  Mennas (Crypt:1)
  Sojobo (Depths:2)
  A bone dragon (Abyss:3)
  A profane servitor (Abyss:3)
  A titan (Vaults:5)
  A sphinx (Abyss:3)
  Frances (Swamp:2)
  3 storm dragons
  Kirke (Lair:5)
  A shadow dragon (Vaults:5)
  A daeva (Pan)
  Maud (Lair:7)
  A revenant (Vaults:3)
  An iron dragon (Vaults:5)
  5 cacodemons
  A draconian shifter (Abyss:3)
  A vault warden (Vaults:1)
  A spriggan defender (Depths:3)
  A very ugly thing (Abyss:3)
  2 stone giants
  A deep elf demonologist (Vaults:2)
  An eidolon (Crypt:1)
  2 ettins
  A green death (Pan)
  A vault guard (D:13)
  A merfolk impaler (Depths:4)
  A yaktaur captain (Vaults:4)
  3 hydras
  2 spriggan air magi (Depths:3)
  6 dancing weapons
  A deep troll shaman (Vaults:1)
  A tengu warrior (Depths:3)
  A death yak (Lair:8)
  A deep elf knight (Elf:2)
  A wretched star (Abyss:3)
  A spriggan druid (Swamp:1)
  A flayed ghost (Crypt:3)
  A deep troll (Depths:4)
  A wizard (Vaults:2)
  A swamp dragon (Swamp:1)
  A deep elf archer (Vaults:4)
  An ironbrand convoker (Vaults:5)
  2 deep elf magi
  5 large abominations (Abyss:3)
  An ugly thing (Vaults:2)
  A faun (shapeshifter) (Vaults:2)
  6 sixfirhies (Pan)
  5 elephants
  3 vault sentinels
  3 black mambas
  A naga mage (Snake:1)
  4 orange demons (Pan)
  5 spiny frogs
  2 komodo dragons
  A freezing wraith (Vaults:5)
  12 yaktaurs
  A hellwing (Pan)
  A harpy zombie (Abyss:3)
  A two-headed ogre (Depths:1)
  5 blink frogs
  6 slime creatures
  A bog body (Swamp:4)
  A spriggan (Depths:3)
  A ynoxinul (Abyss:3)
  2 flying skulls (Abyss:3)
  An air elemental (Elf:2)
  A water elemental (Depths:4)
  A swamp worm (Swamp:2)
  A spatial vortex (Abyss:3)
  4 water moccasins
  A phantom (D:13)
  A small abomination (Crypt:3)
  A boggart (Vaults:2)
  7 ogres
  A centaur (D:13)
  3 wolves
  A giant frog (Lair:2)
  An elf skeleton (Crypt:1)
  2 starcursed masses (Abyss:3)
  An iron imp (Abyss:3)
  3 sheep (Lair:7)
  3 river rats (Lair:7)
  An orc (Vaults:1)
162 creatures vanquished.

Vanquished Creatures (others)
  A tengu reaver (Depths:4)
  A deep elf elementalist (Abyss:3)
  A deep elf high priest (Vaults:4)
  A hell hog (Abyss:3)
  A deep elf knight (Elf:2)
  A starcursed mass (Abyss:3)
  A deep elf mage (Elf:1)
  2 smoke demons (Pan)
  2 orange demons
  A red devil (Pan)
  A two-headed ogre (Vaults:1)
  2 raiju (Abyss:3)
  A large abomination (Abyss:3)
  A bog body (Swamp:4)
  An air elemental (Elf:3)
  A ynoxinul (Abyss:3)
  A yak (Abyss:3)
  A fire bat (Abyss:3)
  A hippogriff (shapeshifter) (Abyss:4)
  A golden eye (Abyss:3)
  An orc warrior (Vaults:5)
  A slave (D:8)
  A crocodile (Lair:5)
  2 small abominations (Abyss:3)
  2 white imps (Abyss:3)
  2 orcs
  A fire vortex (Vaults:5)
  35 fungi
  5 lost souls
  2 lurking horrors (Abyss:3)
  31 plants
  19 spectral weapons
  58 starspawn tentacles
  422 starspawn tentacle segments
  4 toadstools (D:1)
609 creatures vanquished.

Grand Total: 4180 creatures vanquished

Notes
Turn   | Place    | Note
--------------------------------------------------------------
     0 | D:1      | Karasique the Vampire Fighter began the quest for the Orb.
     0 | D:1      | Reached XP level 1. HP: 17/17 MP: 1/1
   337 | D:1      | Reached XP level 2. HP: 23/23 MP: 2/2
   685 | D:2      | Reached XP level 3. HP: 25/28 MP: 3/3
   687 | D:2      | Noticed Natasha
   694 | D:2      | Killed Natasha
   774 | D:2      | Noticed Natasha
   781 | D:2      | Killed Natasha
   781 | D:2      | Reached XP level 4. HP: 34/35 MP: 4/4
   960 | D:2      | Noticed Natasha
   970 | D:2      | Killed Natasha
  1014 | D:2      | Noticed Jessica
  1032 | D:2      | Killed Jessica
  1032 | D:2      | Reached XP level 5. HP: 30/41 MP: 5/5
  1388 | D:3      | Noticed Ijyb
  1412 | D:3      | Killed Ijyb
  1599 | D:3      | Found a sparkling altar of Nemelex Xobeh.
  1602 | D:3      | Found a white marble altar of Elyvilon.
  1605 | D:3      | Found a blossoming altar of Fedhas.
  1683 | D:3      | Reached XP level 6. HP: 44/48 MP: 6/6
  1784 | D:3      | Noticed Sigmund
  1811 | D:3      | Killed Sigmund
  2218 | D:4      | Found Tiahaont's Jewellery Shoppe.
  2339 | D:4      | Reached skill level 5 in Fighting
  2339 | D:4      | Reached skill level 5 in Long Blades
  2339 | D:4      | Reached XP level 7. HP: 33/56 MP: 7/7
  2926 | D:4      | Found a bloodstained altar of Trog.
  3034 | D:5      | Entered Level 5 of the Dungeon
  3124 | D:5      | Found a staircase to the Ecumenical Temple.
  3138 | Temple   | Entered the Ecumenical Temple
  3158 | Temple   | Became a worshipper of Makhleb the Destroyer
  3376 | D:5      | Found a glowing drain.
  3380 | D:5      | Reached XP level 8. HP: 43/64 MP: 8/8
  3393 | Sewer    | Entered a sewer
  3458 | Sewer    | Reached * piety under Makhleb
  3827 | D:5      | Reached skill level 1 in Invocations
  4374 | D:6      | Reached ** piety under Makhleb
  4814 | D:6      | You fall through a shaft for 2 floors!
  5467 | D:7      | Reached XP level 9. HP: 40/72 MP: 11/11
  6080 | D:7      | Reached *** piety under Makhleb
  6541 | D:7      | Reached skill level 1 in Dodging
  7241 | D:8      | Found Kutzood's General Store.
  7247 | D:8      | Bought a scroll of magic mapping for 45 gold pieces
  7270 | D:8      | Found Toru Xee's Gadget Boutique.
  7332 | D:8      | Reached skill level 2 in Dodging
  7384 | D:8      | Found Qudup's Assorted Antiques.
  7400 | D:8      | Reached skill level 3 in Dodging
  7428 | D:8      | Bought a scroll labeled YFAESHR TENI for 30 gold pieces
  7428 | D:8      | Bought 2 lumpy grey potions for 54 gold pieces
  7428 | D:8      | Bought 2 fuming golden potions for 54 gold pieces
  7474 | D:8      | Noticed Karasique's ghost (novice VSGl)
  7517 | D:7      | HP: 5/111 [poisoned by Karasique's ghost]
  7520 | D:7      | HP: 2/74 [poisoned by Karasique's ghost]
  7722 | D:8      | Found a staircase to the Lair.
  7768 | D:7      | Reached skill level 4 in Dodging
  7777 | D:8      | Noticed Pikel
  7899 | D:7      | Killed Pikel
  7899 | D:7      | Reached skill level 5 in Dodging
  7899 | D:7      | Reached skill level 5 in Invocations
  7964 | D:8      | Found Lianoxtu's Antique Weapon Shoppe.
  7973 | D:8      | Bought a glowing great sword for 201 gold pieces
  8011 | D:8      | Found Mutawee Xidu's Antique Weapon Boutique.
  8556 | D:9      | Reached XP level 10. HP: 74/80 MP: 14/14
  8625 | D:9      | Reached skill level 6 in Dodging
  8693 | D:9      | Reached **** piety under Makhleb
  9190 | D:9      | Reached skill level 7 in Dodging
  9196 | D:9      | Noticed an ice statue
  9270 | D:10     | Entered Level 10 of the Dungeon
  9356 | D:10     | Reached skill level 8 in Dodging
  9505 | D:10     | Reached skill level 9 in Dodging
  9518 | D:10     | Noticed an unseen horror
  9918 | D:10     | Noticed a manticore
 10292 | Lair:1   | Entered Level 1 of the Lair of Beasts
 10535 | Lair:1   | Reached skill level 10 in Dodging
 10750 | Lair:1   | Noticed a spiny frog
 10772 | Lair:1   | Killed a spiny frog
 11079 | Lair:1   | Reached skill level 1 in Evocations
 11103 | Lair:1   | Reached XP level 11. HP: 56/86 MP: 15/15
 11926 | Lair:2   | Noticed a five-headed hydra
 12298 | Lair:2   | Killed a five-headed hydra
 12298 | Lair:2   | Reached skill level 10 in Long Blades
 12671 | Lair:2   | Learned a level 2 spell: Blink
 12763 | Lair:2   | Reached ***** piety under Makhleb
 14179 | Lair:3   | Found a staircase to the Swamp.
 14854 | Lair:3   | Reached skill level 5 in Armour
 14868 | Lair:3   | Reached XP level 12. HP: 87/92 MP: 16/16
 15116 | Lair:4   | Got an ancient triple sword
 15132 | Lair:4   | Identified the +2 triple sword of Finwoiz {elec, rPois} (You acquired it on level 4 of the Lair of Beasts)
 15205 | Lair:4   | Noticed a death yak
 15205 | Lair:4   | Noticed a death yak
 15206 | Lair:4   | Noticed a death yak
 15206 | Lair:4   | Noticed a death yak
 15208 | Lair:4   | Noticed a death yak
 15429 | Lair:4   | Killed a death yak
 15998 | Lair:5   | Found a basalt altar of Yredelemnul.
 16061 | Lair:5   | Noticed Kirke
 16069 | Lair:5   | Killed Kirke
 16192 | Lair:5   | Found a dark tunnel.
 16240 | Volcano  | Entered a volcano
 16520 | Lair:5   | Found a staircase to the Snake Pit.
 16601 | Lair:5   | Reached ****** piety under Makhleb
 17414 | Lair:6   | Reached skill level 11 in Dodging
 17414 | Lair:6   | Reached XP level 13. HP: 98/101 MP: 17/17
 17423 | Lair:6   | Gained mutation: You are partially covered in yellow scales (AC +2). [potion of mutation]
 17423 | Lair:6   | Gained mutation: You can translocate small distances at will. [potion of mutation]
 17423 | Lair:6   | Gained mutation: You are weak. (Str -2) [potion of mutation]
 17424 | Lair:6   | Gained mutation: Potions and wands are less effective at restoring your health. [potion of mutation]
 17424 | Lair:6   | Gained mutation: You are mostly covered in yellow scales (AC +3). [potion of mutation]
 17424 | Lair:6   | Gained mutation: Your flesh is heat resistant. [potion of mutation]
 17425 | Lair:6   | Gained mutation: You are robust (+10% HP). [potion of mutation]
 17425 | Lair:6   | Gained mutation: You evolve. [potion of mutation]
 17471 | Lair:6   | Identified a -3 rod of shadows (13/13) (You found it on level 6 of the Lair of Beasts)
 17857 | Lair:6   | Reached skill level 12 in Dodging
 17868 | Lair:6   | Found a staircase to the Slime Pits.
 18077 | Lair:6   | Reached skill level 10 in Fighting
 18605 | Lair:7   | Gained mutation: You are partially covered in icy blue scales (AC +1). [evolution]
 18818 | Lair:7   | Noticed Maud
 19100 | Lair:7   | Killed Maud
 19423 | Lair:7   | Lost mutation: You can translocate small distances at will. [evolution]
 19575 | Lair:8   | Entered Level 8 of the Lair of Beasts
 19666 | Lair:8   | Reached skill level 15 in Long Blades
 19681 | Lair:8   | Reached XP level 14. HP: 122/124 MP: 18/18
 20969 | Lair:4   | Reached skill level 13 in Dodging
 21068 | D:8      | Killed Karasique's ghost
 21276 | D:10     | Found a staircase to the Orcish Mines.
 21366 | D:10     | Found Bijiop's Weapon Boutique.
 21792 | D:11     | Found a sacrificial altar of Ru.
 21990 | D:11     | Noticed namelastname112's ghost (journeyman DrGl)
 22065 | D:12     | Found Noudgh's Blood Bar.
 22070 | D:12     | Reached skill level 14 in Dodging
 22096 | D:12     | Reached XP level 15. HP: 114/135 MP: 19/19
 22471 | D:12     | Reached skill level 15 in Dodging
 23149 | D:13     | Reached skill level 16 in Dodging
 23267 | D:13     | Lost mutation: You are weak. (Str -2) [evolution]
 23271 | D:13     | Found a gate to the Vaults.
 23329 | D:13     | Reached skill level 17 in Dodging
 23722 | D:13     | Noticed an orc warlord
 24919 | D:13     | Killed an orc warlord
 24919 | D:13     | Reached skill level 18 in Dodging
 25158 | D:14     | Got a jewelled scale mail
 25169 | D:14     | Identified the +1 scale mail of Burchoim {+Blink rCorr Int+4} (You found it on level 14 of the Dungeon)
 25420 | D:15     | Entered Level 15 of the Dungeon
 25424 | D:15     | Found a staircase to the Depths.
 25425 | D:15     | Noticed a fire giant
 25480 | D:15     | Killed a fire giant
 25548 | D:15     | Noticed Sonja
 25558 | D:15     | Got a smoking great sword
 25559 | D:15     | Identified the +7 great sword of Wamued {slice, rF++ SInv} (You found it on level 15 of the Dungeon)
 25564 | D:15     | Killed Sonja
 26852 | Orc:1    | Entered Level 1 of the Orcish Mines
 26852 | Orc:1    | Found a bloodstained altar of Trog.
 26852 | Orc:1    | Found a frozen archway.
 26903 | IceCv    | Entered an ice cave
 26920 | IceCv    | Reached XP level 16. HP: 135/143 MP: 20/20
 27491 | Orc:2    | Entered Level 2 of the Orcish Mines
 27790 | Orc:2    | Found a staircase to the Elven Halls.
 28040 | Orc:2    | Found Tuce's Magic Scroll Emporium.
 28041 | Orc:2    | Found Nihegaze's Magic Scroll Shoppe.
 28267 | Orc:2    | Noticed Maurice
 28277 | Orc:2    | Killed Maurice
 28435 | Orc:2    | Gained mutation: You have sharp fingernails. [evolution]
 28835 | Orc:2    | Found Terum's Book Boutique.
 28835 | Orc:2    | Found Niozaz's Antique Weapon Shop.
 28836 | Orc:2    | Found a one-way gate leading to the halls of Pandemonium.
 28873 | Orc:2    | Bought a scroll of teleportation for 33 gold pieces
 28873 | Orc:2    | Bought a scroll of teleportation for 33 gold pieces
 28875 | Orc:2    | Bought a scroll of identify for 28 gold pieces
 28875 | Orc:2    | Bought a scroll of silence for 105 gold pieces
 28875 | Orc:2    | Bought a scroll of teleportation for 42 gold pieces
 28875 | Orc:2    | Bought 3 scrolls of teleportation for 126 gold pieces
 28875 | Orc:2    | Bought 2 scrolls of identify for 56 gold pieces
 29163 | Swamp:1  | Entered Level 1 of the Swamp
 29307 | Swamp:1  | Noticed a thorn hunter
 29322 | Swamp:1  | Killed a thorn hunter
 30135 | Swamp:2  | Noticed Frances
 30162 | Swamp:2  | Killed Frances
 30528 | Swamp:3  | Noticed a thorn hunter
 30547 | Swamp:3  | Killed a thorn hunter
 30762 | Swamp:3  | Noticed a thorn hunter
 30774 | Swamp:3  | Killed a thorn hunter
 31030 | Swamp:3  | Reached skill level 10 in Armour
 31226 | Swamp:4  | Entered Level 4 of the Swamp
 31280 | Swamp:3  | Reached XP level 17. HP: 146/149 MP: 19/21
 32214 | Swamp:4  | Noticed a tentacled monstrosity
 32223 | Swamp:4  | Killed a tentacled monstrosity
 32673 | Swamp:4  | Got a decaying rune of Zot
 33015 | Lair:1   | Upgraded the game from 0.19-a0-19-gf75ed07 to 0.19-a0-27-g415f530
 33117 | Snake:1  | Entered Level 1 of the Snake Pit
 33230 | Snake:1  | Lost mutation: Potions and wands are less effective at restoring your health. [evolution]
 33784 | Snake:1  | Found a glowing silver altar of Zin.
 36154 | Snake:3  | Got a pair of heavily runed boots
 36165 | Snake:3  | Identified the +1 pair of boots of the Armoured One {*Corrode Str+6} (You found it on level 3 of the Snake Pit)
 36466 | Snake:3  | Reached XP level 18. HP: 157/157 MP: 22/22
 36723 | Snake:4  | Entered Level 4 of the Snake Pit
 37362 | Snake:4  | Reached skill level 19 in Dodging
 38063 | Snake:4  | Got a serpentine rune of Zot
 38088 | Snake:4  | Lost mutation: You are mostly covered in yellow scales (AC +3). [evolution]
 38362 | Lair:1   | Gained mutation: Your spells are a little harder to cast, but a little more powerful. [potion of beneficial mutation]
 38514 | Vaults:1 | Entered Level 1 of the Vaults
 38576 | Vaults:1 | Reached skill level 20 in Dodging
 39305 | Vaults:1 | Reached skill level 21 in Dodging
 40186 | Vaults:2 | Reached XP level 19. HP: 165/165 MP: 18/23
 40666 | Vaults:2 | Found Daruam's Distillery.
 41147 | Vaults:2 | Reached skill level 15 in Fighting
 41166 | Vaults:2 | Bought a potion of might for 48 gold pieces
 42804 | Vaults:3 | Got a pair of smoking gloves
 42815 | Vaults:3 | Identified the +0 pair of gloves "Luxy" {rElec rF+ Regen+ Dex-2} (You found it on level 3 of the Vaults)
 42829 | Vaults:3 | Found a staircase to the Crypt.
 43163 | Vaults:3 | You fall through a shaft!
 43475 | Vaults:3 | Found a portal to a secret trove of treasure.
 43625 | Vaults:4 | Reached XP level 20. HP: 178/178 MP: 24/24
 44877 | D:11     | Killed namelastname112's ghost
 44934 | Elf:1    | Entered Level 1 of the Elven Halls
 45409 | Elf:1    | Identified the Handbook of Companions (You found it on level 1 of the Elven Halls)
 45568 | Elf:1    | Gained mutation: Armour fits poorly on your strangely shaped body. [evolution]
 45568 | Elf:1    | Lost mutation: You evolve. [end of evolution]
 46338 | Elf:2    | Found Tiechaxaho's General Store.
 46436 | Elf:2    | Noticed Norris
 46436 | Elf:2    | Paralysed by Norris for 2 turns
 46644 | Elf:2    | Killed Norris
 46656 | Elf:2    | Found a runed gate.
 46656 | Elf:2    | Found a runed gate.
 46656 | Elf:2    | Found a runed gate.
 46808 | Elf:2    | Found Xotoli's Assorted Antiques.
 46854 | Elf:2    | Noticed a Tzitzimitl
 47031 | Elf:2    | Found Cafut's Food Shop.
 47104 | Elf:2    | Found Keagal's Antique Weapon Boutique.
 47403 | Depths:1 | Entered Level 1 of the Depths
 47615 | Depths:1 | Found Sissu's Gadget Boutique.
 47618 | Depths:1 | Found Litielef's Magic Scroll Boutique.
 47638 | Depths:1 | Reached XP level 21. HP: 167/184 MP: 21/27
 47682 | Depths:1 | Bought a scroll of blinking for 120 gold pieces
 47867 | Depths:1 | Found a one-way gate to the infinite horrors of the Abyss.
 48024 | Depths:1 | Found Iqyot's Food Shoppe.
 48085 | Depths:1 | Lost mutation: Armour fits poorly on your strangely shaped body. [potion of mutation]
 48085 | Depths:1 | Lost mutation: You are partially covered in yellow scales (AC +2). [potion of mutation]
 48085 | Depths:1 | Lost mutation: You are robust (+10% HP). [potion of mutation]
 48199 | Depths:1 | Found a gateway to Hell.
 48666 | Depths:2 | Reached skill level 10 in Invocations
 48826 | Depths:2 | Noticed Sojobo
 49880 | Depths:2 | Killed Sojobo
 50270 | Depths:3 | Noticed the Enchantress
 50588 | Depths:3 | Killed the Enchantress
 50756 | Depths:3 | Got a faerie dragon armour
 50780 | Depths:3 | Identified the +5 faerie dragon armour {Slay+2} (You took it off the Enchantress on level 3 of the Depths)
 50834 | Depths:3 | Noticed a golden dragon
 50855 | Depths:3 | Killed a golden dragon
 50999 | Depths:3 | Found a corrupted altar of Lugonu.
 51016 | Depths:3 | Reached XP level 22. HP: 175/175 MP: 20/31
 51286 | Depths:3 | Noticed Xtahua
 51854 | Depths:3 | Killed Xtahua
 51979 | Depths:4 | Reached skill level 22 in Dodging
 52227 | Depths:4 | Noticed a golden dragon
 52248 | Depths:4 | Killed a golden dragon
 52635 | Depths:4 | Found a gateway to a ziggurat.
 53193 | Depths:4 | Noticed a juggernaut
 53193 | Depths:4 | Noticed a caustic shrike
 53246 | Depths:4 | Killed a caustic shrike
 53430 | Depths:4 | Killed a juggernaut
 53503 | Depths:5 | Entered Level 5 of the Depths
 53664 | Depths:5 | Reached skill level 23 in Dodging
 53737 | Depths:5 | Noticed a golden dragon
 53737 | Depths:5 | a fire giant changed into a golden dragon
 53738 | Depths:5 | a golden dragon changed into an iron dragon
 53740 | Depths:5 | Noticed a golden dragon
 53740 | Depths:5 | an iron dragon changed into a golden dragon
 53746 | Depths:5 | Killed a golden dragon
 53746 | Depths:5 | Reached XP level 23. HP: 181/181 MP: 29/33
 53872 | Depths:5 | Found a shattered altar of Ashenzari.
 53895 | Depths:5 | Noticed Jory
 53913 | Depths:5 | Killed Jory
 54305 | Depths:5 | Found a gate to the Realm of Zot.
 54695 | Depths:1 | Bought a scroll of blinking for 120 gold pieces
 54695 | Depths:1 | Bought a scroll of blinking for 120 gold pieces
 54695 | Depths:1 | Bought a scroll of recharging for 152 gold pieces
 54695 | Depths:1 | Bought a scroll of recharging for 152 gold pieces
 54695 | Depths:1 | Bought a scroll of teleportation for 48 gold pieces
 54901 | Vaults:2 | Bought a potion of might for 48 gold pieces
 54901 | Vaults:2 | Bought a potion of resistance for 120 gold pieces
 54901 | Vaults:2 | Bought a potion of agility for 48 gold pieces
 54901 | Vaults:2 | Bought 2 potions of curing for 72 gold pieces
 54901 | Vaults:2 | Bought a potion of agility for 48 gold pieces
 54901 | Vaults:2 | Bought a potion of heal wounds for 60 gold pieces
 54901 | Vaults:2 | Bought a potion of cancellation for 96 gold pieces
 55234 | Vaults:4 | Noticed a caustic shrike
 55234 | Vaults:4 | a fire giant changed into a caustic shrike
 55235 | Vaults:4 | Reached skill level 24 in Dodging
 55235 | Vaults:4 | a caustic shrike changed into a frost giant
 55296 | Vaults:4 | HP: 8/181 [deep elf high priest/damnation (26)]
 55321 | Vaults:4 | HP: 1/181 [stone giant/large rock (33)]
 56117 | Vaults:4 | Got an encrusted ring mail
 56118 | Vaults:4 | Identified the cursed +1 ring mail of Hedge Wizardry {*Contam rC++ Str+6} (You found it on level 4 of the Vaults)
 56209 | Vaults:4 | Got a pair of dazzling gloves
 56220 | Vaults:4 | Identified the +1 pair of gloves of Starshine {rPois} (You found it on level 4 of the Vaults)
 56517 | Depths:1 | Voluntarily entered the Abyss.
 56767 | Abyss:3  | Paralysed by accursed screaming for 1 turns
 56864 | Abyss:3  | Found a shadowy altar of Dithmenos.
 57033 | Abyss:3  | Paralysed by you for 4 turns
 57066 | Abyss:3  | Reached skill level 25 in Dodging
 57473 | Abyss:3  | Found an oddly glowing altar of Pakellas.
 57544 | Abyss:3  | Found an oddly glowing altar of Pakellas.
 57615 | Abyss:3  | Paralysed by accursed screaming for 1 turns
 58076 | Abyss:3  | Gained mutation: You are dopey. (Int -2) [a cacodemon]
 58090 | Abyss:3  | Reached XP level 24. HP: 84/189 MP: 14/33
 58105 | Abyss:3  | Identified the Disquisition on Envenoming (You found it on level 3 of the Abyss)
 58125 | Abyss:3  | Identified Cuoschoa's Catalogue of Blistering Hexes
 58133 | Abyss:3  | Identified the Catalogue of Envenoming (You found it on level 3 of the Abyss)
 58136 | Abyss:3  | Identified Ekoina's Volume of the Rocks
 58141 | Abyss:3  | Identified the Incunabulum of the Entourage (You found it on level 3 of the Abyss)
 58164 | Abyss:3  | Identified Ron Wargh's Papyrus of Weightlessness
 58171 | Abyss:3  | Identified the Handbook of Hexes
 58175 | Abyss:3  | Identified Kaerad's Reference Book on Beguiling
 58284 | Abyss:3  | Reached skill level 26 in Dodging
 58314 | Abyss:3  | Gained mutation: You are very dopey. (Int -4) [a cacodemon]
 58553 | Abyss:3  | Paralysed by accursed screaming for 1 turns
 58559 | Abyss:3  | Paralysed by accursed screaming for 1 turns
 58565 | Abyss:3  | Paralysed by accursed screaming for 1 turns
 58943 | Abyss:3  | Paralysed by accursed screaming for 1 turns
 58948 | Abyss:3  | Paralysed by accursed screaming for 1 turns
 59429 | Abyss:3  | Reached skill level 27 in Dodging
 59600 | Abyss:3  | Gained mutation: Your body sometimes deteriorates upon taking damage. [a neqoxec]
 59724 | Depths:1 | Escaped the Abyss
 59985 | Elf:2    | Cast into level 4 of the Abyss (battleaxe of distortion)
 60212 | Abyss:4  | Gained mutation: You expend magic power (3 MP) to strengthen your wands. [a neqoxec]
 60235 | Abyss:4  | Lost mutation: Your spells are a little harder to cast, but a little more powerful. [a neqoxec]
 60434 | Elf:2    | Escaped the Abyss
 60909 | Elf:3    | Entered Level 3 of the Elven Halls
 60979 | Elf:3    | Found Syatiah's Gadget Shoppe.
 61465 | Elf:3    | Cast into level 2 of the Abyss (a deep elf demonologist)
 61465 | Abyss:2  | Found a corrupted altar of Lugonu.
 61532 | Elf:3    | Escaped the Abyss
 61715 | Elf:3    | Reached XP level 25. HP: 195/195 MP: 28/33
 62612 | Elf:3    | Got a glittering gossamer ring
 62613 | Elf:3    | Identified the ring "Fahes" {*Tele Str+6} (You found it on level 3 of the Elven Halls)
 62637 | Elf:3    | Learned a level 3 spell: Spectral Weapon
 62808 | Elf:3    | Reached skill level 1 in Spellcasting
 62991 | D:15     | Learned a level 1 spell: Apportation
 63062 | Depths:1 | Voluntarily entered the Abyss.
 63069 | Abyss:1  | Reached skill level 1 in Hexes
 63116 | Abyss:1  | Reached skill level 1 in Charms
 63116 | Abyss:1  | Reached skill level 1 in Translocations
 63283 | Abyss:1  | Reached skill level 5 in Hexes
 63470 | Abyss:1  | Reached skill level 5 in Charms
 63998 | Abyss:3  | Reached skill level 5 in Spellcasting
 64411 | Abyss:3  | Reached skill level 5 in Translocations
 64485 | Abyss:3  | Reached XP level 26. HP: 191/204 MP: 26/33
 64624 | Abyss:3  | Found a corrupted altar of Lugonu.
 65298 | Abyss:3  | Got an abyssal rune of Zot
 65404 | Abyss:3  | Reached skill level 15 in Armour
 65422 | Depths:1 | Escaped the Abyss
 65658 | Vaults:3 | You showed the abyssal rune of Zot to enter a treasure trove
 65659 | Trove    | Entered a treasure trove
 65704 | Trove    | Got a translucent turquoise ring
 65705 | Trove    | Identified the ring of Hyoffaal {rC+ MP+9 Str+2 Dex-4 Stlth+} (You found it in a treasure trove)
 65783 | Trove    | Got a dazzling double sword
 65784 | Trove    | Identified the +2 double sword of Amortisation {slice, +Fly rC+ Dex+5} (You found it in a treasure trove)
 65799 | Trove    | Identified a +2 pair of boots of running (You found it in a treasure trove)
 65803 | Trove    | Got a heavily runed brass amulet
 65804 | Trove    | Identified the amulet of Miheip {*Corrode +Rage rN+ Str+6 Slay+2} (You found it in a treasure trove)
 66230 | Slime:1  | Entered Level 1 of the Pits of Slime
 66240 | Slime:1  | Gained mutation: Your body often deteriorates upon taking damage. [a shining eye]
 66345 | Slime:5  | Found a viscous altar of Jiyva.
 66358 | Slime:6  | Entered Level 6 of the Pits of Slime
 66580 | Slime:6  | Noticed the Royal Jelly
 66598 | Slime:6  | Killed the Royal Jelly
 66661 | Slime:6  | Gained mutation: Armour fits poorly on your strangely shaped body. [a shining eye]
 66716 | Slime:6  | Got a slimy rune of Zot
 66754 | Slime:6  | Got a bloodstained ring mail
 66755 | Slime:6  | Identified the +4 ring mail of Trog's Esteem {Dex+4} (You found it on level 6 of the Pits of Slime)
 66775 | Slime:6  | Got a twitching iron amulet
 66776 | Slime:6  | Identified the amulet of the Manifold Wonders {Gourm Int+2} (You found it on level 6 of the Pits of Slime)
 66810 | Slime:6  | Got a polished ring mail
 66852 | Slime:6  | Identified the +3 ring mail "Naim" {rC- rN+ rCorr Str+3} (You found it on level 6 of the Pits of Slime)
 66874 | Slime:6  | Got a pair of distressingly furry boots
 66875 | Slime:6  | Identified the +1 pair of boots of the Realm of Zot {*Drain rElec rF+ SInv} (You acquired it on level 6 of the Pits of Slime)
 67329 | Vaults:4 | Learned a level 6 spell: Haste
 67331 | Vaults:5 | Entered Level 5 of the Vaults
 67370 | Vaults:5 | Reached skill level 10 in Charms
 67970 | Vaults:5 | Reached XP level 27. HP: 197/213 MP: 35/35
 68333 | Vaults:5 | Reached skill level 10 in Spellcasting
 68393 | Vaults:5 | Noticed Margery
 68406 | Vaults:5 | Killed Margery
 68612 | Vaults:5 | Found Deciut's Distillery.
 68620 | Vaults:5 | Found Etisaw's Food Shoppe.
 68641 | Vaults:5 | Learned a level 5 spell: Silence
 68651 | Vaults:5 | Found Xuvug's Distillery.
 68656 | Vaults:5 | Got a silver rune of Zot
 68664 | Vaults:5 | Bought a potion of curing for 51 gold pieces
 68664 | Vaults:5 | Bought a potion of heal wounds for 85 gold pieces
 68713 | Vaults:5 | Bought a potion of mutation for 42 gold pieces
 68713 | Vaults:5 | Lost mutation: Your flesh is heat resistant. [potion of mutation]
 68713 | Vaults:5 | Gained mutation: You have a pair of small antennae on your head. [potion of mutation]
 68772 | Vaults:5 | Reached skill level 1 in Air Magic
 68808 | Vaults:5 | Gained mutation: You are partially covered in rough black scales (AC +4, Dex -1). [potion of mutation]
 68808 | Vaults:5 | Gained mutation: Your skin changes colour to match your surroundings (Stealth). [potion of mutation]
 68808 | Vaults:5 | Gained mutation: Your muscles are strong. (Str +2) [potion of mutation]
 68910 | Vaults:5 | Gained mutation: Your flesh is heat resistant. [potion of mutation]
 68910 | Vaults:5 | Gained mutation: You are partially covered in slimy green scales (AC +2). [potion of mutation]
 69412 | Vaults:5 | Reached skill level 10 in Hexes
 69745 | Crypt:1  | Entered Level 1 of the Crypt
 69760 | Crypt:1  | Noticed Mennas
 69773 | Crypt:1  | Killed Mennas
 71101 | Crypt:3  | Entered Level 3 of the Crypt
 71218 | Crypt:3  | Found an ancient bone altar of Kikubaaqudgha.
 71231 | Crypt:3  | Reached skill level 5 in Air Magic
 71522 | Crypt:3  | Found a staircase to the Tomb.
 71522 | Crypt:3  | Noticed Khufu
 71556 | Crypt:3  | Killed Khufu
 71725 | Crypt:3  | Identified Gloorx Vloq's Almanac of Darkness
 71739 | Crypt:3  | Learned a level 6 spell: Deflect Missiles
 72042 | Crypt:3  | Got a twisted helmet
 72043 | Crypt:3  | Identified the -3 helmet of Light {MR+ Regen+ Dex+7} (You found it on level 3 of the Crypt)
 72844 | Pan      | Entered Pandemonium
 72857 | Pan      | Reached skill level 1 in Stealth
 72981 | Pan      | Reached skill level 5 in Stealth
 73026 | Pan      | Found an exit through the horrors of the Abyss.
 73374 | Pan      | Gained mutation: You are clumsy. (Dex -2) [a cacodemon]
 73411 | Pan      | Reached skill level 10 in Stealth
 73827 | Pan      | Noticed Liot the pandemonium lord
 73859 | Depths:3 | Escaped Pandemonium
 74184 | Elf:3    | Learned a level 3 spell: Regeneration
 74346 | Pan      | Entered Pandemonium
 74523 | Pan      | Found an exit through the horrors of the Abyss.
 74649 | Pan      | Reached skill level 15 in Stealth
 74650 | Pan      | Noticed Pokitodgh the pandemonium lord
 74733 | Pan      | Killed Pokitodgh the pandemonium lord
 74773 | Pan      | Found an exit through the horrors of the Abyss.
 74905 | Pan      | Lost mutation: You expend magic power (3 MP) to strengthen your wands. [mutagenic glow]
 74940 | Pan      | Found an exit through the horrors of the Abyss.
 75113 | Pan      | Noticed Keuvygo the pandemonium lord
 75434 | Pan      | Killed Keuvygo the pandemonium lord
 75616 | Pan      | Entered the realm of Cerebov.
 75630 | Pan      | Got an ichor-stained plate armour
 75631 | Pan      | Identified the +6 plate armour of Zisesaut {rElec Str-4 Dex+7} (You found it in Pandemonium)
 75635 | Pan      | Got a pair of jewelled boots
 75636 | Pan      | Identified the +3 pair of boots "Elanirime" {Slay+3} (You found it in Pandemonium)
 75657 | Pan      | Got a coiled golden ring
 75658 | Pan      | Identified the ring of Hyrcham {rElec rPois rC+++ MP-9 Str+5} (You found it in Pandemonium)
 75672 | Pan      | Learned a level 6 spell: Invisibility
 75729 | Pan      | Got a warped pewter ring
 75731 | Pan      | Got a brightly glowing chain mail
 75732 | Pan      | Identified the +5 chain mail of Heun {rF+ rN+ Str+3} (You found it in Pandemonium)
 75733 | Pan      | Identified the ring of Symmetry {rCorr rC- Str+8} (You found it in Pandemonium)
 75748 | Pan      | Identified the Tome of Protection and Slavery
 75800 | Pan      | Identified The Foundations of Spellcraft
 75842 | Pan      | Noticed Cerebov
 75945 | Pan      | Got a fiery rune of Zot
 76067 | Pan      | Noticed Cerebov
 76201 | Pan      | Noticed Kunouhol the pandemonium lord
 76204 | Pan      | Gained mutation: You are very clumsy. (Dex -4) [a cacodemon]
 76226 | Pan      | Killed Kunouhol the pandemonium lord
 76276 | Pan      | Gained mutation: Potions and wands are less effective at restoring your health. [a cacodemon]
 76287 | Pan      | Found an exit through the horrors of the Abyss.
 76307 | Pan      | Found an exit through the horrors of the Abyss.
 76348 | Pan      | Noticed Vumpuq the pandemonium lord
 76362 | Pan      | Killed Vumpuq the pandemonium lord
 76589 | Pan      | Gained mutation: You occasionally shout uncontrollably at your foes. [a neqoxec]
 76857 | Pan      | Noticed Niygarr the pandemonium lord
 77018 | Pan      | Entered the realm of Mnoleg.
 77041 | Pan      | Gained mutation: You sometimes yell uncontrollably at your foes. [a cacodemon]
 77165 | Pan      | Found an exit through the horrors of the Abyss.
 77224 | Pan      | Gained mutation: You frequently scream uncontrollably at your foes. [a neqoxec]
 77245 | Pan      | Gained mutation: You expend magic power (3 MP) to strengthen your wands. [a neqoxec]
 77312 | Pan      | Lost mutation: You are partially covered in slimy green scales (AC +2). [a neqoxec]
 77326 | Pan      | Noticed Mnoleg
 77334 | Pan      | Gained mutation: Your magical capacity is low (-10% MP). [a neqoxec]
 77336 | Pan      | Gained mutation: You tend to lose your temper in combat. [a neqoxec]
 77372 | Pan      | Paralysed by a giant eyeball for 4 turns
 77376 | Pan      | HP: 7/219 [great orb of eyes[Mnoleg] (5)]
 77376 | Pan      | Annihilated by a large abomination

Vault maps used:
D:1:      ldierk_walled_garden_2
D:2:      first_bread, uniq_jessica, uniq_natasha
D:3:      grunt_temple_overflow_diamond, uniq_iyjb, uniq_sigmund
D:4:      lemuel_upstairs_altar, lemuel_crystal_altar, serial_shops, shop
D:5:      minmay_temple_entry_grid, gup_sewer_entry_bubbles
D:7:      grunt_ogre_cave, dk_vineyard_2
D:8:      dpeg_oklobed_lair, serial_shops, shop, kennysheep_mini_moat,
          nicolae_shop_behind_doors, shop, shop, uniq_pikel
D:9:      minivault_16
D:10:     david_orc_3, serial_shops, shop, serial_ice, serial_ice_n,
          serial_ice_c, serial_ice_d, serial_ice_m, serial_ice_l, serial_ice_a
D:11:     special_room, minmay_tree_intersection,
          nicolae_ru_sacrificial_ziggurat
D:12:     grunt_decor_resistance, minmay_misc_feat_tower, guppyfry_shop_blood
D:13:     erik_vaults_2, kennysheep_island_fort
D:14:     kennysheep_nondescript
D:15:     grunt_enter_depths_giant_problem, serial_bayou, serial_bayou_pond_d,
          serial_bayou_pond_c, serial_bayou_lake_a, serial_bayou_lagoon_a,
          hangedman_abyss_or_decor_passed, minmay_misc_feat_iff, uniq_sonja
Temple:   lightli_temple_of_artemis
Lair:1:   grunt_megastairs_3, infiniplex_staircase_pool, serial_bayou_shore_a
Lair:3:   swamp_mist_pool
Lair:4:   lemuel_fruit_fields
Lair:5:   guppyfry_snake_entry_garden, basic_altar, enter_volcano_1,
          minivault_25, serial_bayou_crossing, uniq_kirke
Lair:6:   beast_lair_carwin_large_4, nicolae_slime_entry_slimehenge,
          serial_forest, infiniplex_forest_lined_1,
          infiniplex_forest_clump_diagonal, infiniplex_forest_clump_medium,
          infiniplex_forest_straight_4, infiniplex_forest_3_way
Lair:7:   minivault_11, serial_bayou_pond_d, beast_lair_carwin_2, uniq_maud
Lair:8:   evilmike_catoblepas_cave, grunt_megastairs_5, lemuel_fruit_fields
Swamp:1:  evilmike_swamp_ruin_house_3, swamp_pool5, infiniplex_staircase_pool_2
Swamp:2:  evilmike_swamp_ruin_house_1, uniq_frances
Swamp:3:  hangedman_swamp_ruin_wall, swamp_pool3
Swamp:4:  swamp_vile, swamp_pool3, evilmike_swamp_ruin_rubble_1
Snake:1:  basic_altar, lemuel_fruit_tree
Snake:2:  st_stairs_14
Snake:4:  snake_pit, nicolae_snake_serpentine_hallways
Slime:3:  cheibrodos_slime_lost_civilization_6
Slime:5:  basic_altar
Orc:1:    portal_ice_cave_entry_imps, trog_butcher_becter
Orc:2:    pf_orc_diabolical, uniq_maurice
Elf:1:    minmay_elf_demonology, glass_columns_c
Elf:2:    serial_shops, shop, shop, shop, shop, uniq_norris
Elf:3:    minmay_elf_hall_hex, serial_shops, shop
Vaults:1: v_misc_28, hangedman_vaults_slither, v_alt_pattern_4, v_misc_9,
          v_misc_13, hangedman_vaults_locks, v_misc_13, v_misc_26,
          v_alt_pattern_6, grunt_vaults_hallway_short, v_misc_8,
          vaults_room_pool, nicolae_vaults_diagonal_hallway_7
Vaults:2: v_misc_12, nicolae_vaults_border_crossing, v_misc_13,
          hangedman_vaults_capsules, grunt_vaults_focal, v_misc_4,
          dpeg_vaults_monster_box, ontoclasm_vaults_fault, serial_shops, shop
Vaults:3: hangedman_vaults_snaps, minmay_crypt_entry_simple_plaza,
          ontoclasm_vaults_ring_small, vaults_room_pool, v_misc_26, v_misc_18,
          nicolae_vaults_little_ls, nicolae_vaults_yaktaur_gun_rack,
          nicolae_vaults_circle_grid_a, v_misc_12, nicolae_trove_entry_columns
Vaults:4: ontoclasm_vaults_twist, st_greater_box_2, hangedman_vaults_restitches,
          vaults_room_ringed_pool, nicolae_vaults_big_angled_halls,
          vaults_room_pools, vaults_mumra_hex, vaults_dpeg_cross,
          vaults_room_grid, ontoclasm_vaults_shuriken,
          ontoclasm_vaults_loading_screen, serial_glass
Vaults:5: uniq_margery
Crypt:1:  uniq_mennas
Crypt:2:  nicolae_crypt_little_mausoleum
Crypt:3:  grunt_crypt_end_deaths_head
Depths:1: lightli_too_deep, abyss_entry, serial_shops, shop, shop, shop,
          kennysheep_boxes
Depths:2: kennysheep_spiral_hall, hell_entry, minmay_door_square,
          minmay_misc_feat_chi, infiniplex_staircase_squiggle, uniq_sojobo
Depths:3: minmay_octo_star, pan_entry, hell_entry, abyss_entry_flame_altar,
          uniq_xtahua, uniq_enchantress
Depths:4: thingy_vault, enter_ziggurat_a, pf_coc_iceberg, abyss_entry_crystal,
          hangedman_decor_clover_reticule, serial_glass, glass_columns_a,
          glass_columns_c, glass_columns_c, minivault_14
Depths:5: grunt_zot_entry_gee_three, hell_entry, serial_bayou_pond_d,
          ashenzari_altar_1, uniq_jory
Abyss:1:  patterned_corridor
Abyss:4:  kb_abyss_rune_zappy
Pan:      grunt_pan_pentagram, nicolae_pan_lom_lobonic_4,
          evilmike_mini_pan_doors, pan_blood_fountain, evilmike_holy_pan,
          grunt_pan_in_and_out, nicolae_pan_mnolegish_1, rand_demon_3,
          rand_demon_1, grunt_pan_spiral, pan_blood_fountain_small,
          rand_demon_6, pan_blood_fountain, lemuel_hall_of_pain,
          nicolae_pan_gloorx_vloqian_2, evilmike_mini_pan_doors_b,
          nicolae_pan_hourglass, rand_demon_1, cerebov, nicolae_pan_glass_arcs,
          uniq_cerebov, pan_blood_fountain_2, nicolae_pan_gloorx_vloqian_1,
          rand_demon_2, pan_blood_fountain_small, pan_captured_pigsty,
          grunt_pan_sceptre, uniq_cerebov, evilmike_mini_pan_doors_b,
          rand_demon_5, nicolae_pan_sigil_itan, mnoleg_st
Trove:    trove_nasty
Sewer:    sewer_co_cracked_pipes
IceCv:    ice_cave_statue_garden_01
Volcano:  volcano_bunker

Skill      XL: |  1  2  3  4  5  6  7  8  9 10 11 12 13 14 15 16 17 18 19 20 21 22 23 24 25 26 27 |
---------------+----------------------------------------------------------------------------------+-----
Shields        | 3 |  3.6
Fighting       | 3 4 5 7 8 9 11 13 15 16 18 | 18.4
Armour         | 3 5 6 7 10 11 13 14 15 | 15.0
Long Blades    | 3 4 5 6 7 8 9 12 14 15 16 17 20 22 23 24 | 24.0
Invocations    | 2 5 9 12 14 | 14.2
Dodging        | 5 10 11 12 14 18 21 23 25 27 | 27.0
Evocations     | 1 3 |  3.3
Spellcasting   | 5 8 12 | 12.2
Hexes          | 8 13 | 13.6
Charms         | 6 11 14 | 14.1
Translocations | 5 8 |  8.8
Air Magic      | 7 |  7.4
Stealth        | 22 | 22.4

Action                   |  1- 3 |  4- 6 |  7- 9 | 10-12 | 13-15 | 16-18 | 19-21 | 22-24 | 25-27 || total
-------------------------+-------+-------+-------+-------+-------+-------+-------+-------+-------++-------
Melee: Long sword        |    76 |   219 |   662 |   856 |       |       |       |       |       ||  1813
       Bite              |     1 |    22 |    79 |   149 |   182 |   291 |   296 |   380 |   673 ||  2073
       Triple sword      |       |       |       |   272 |  1247 |  1730 |  1917 |  2504 |  4119 || 11789
       Great sword       |       |       |       |       |    14 |   398 |       |       |     4 ||   416
Throw: Throwing net      |       |       |     1 |       |       |       |       |       |       ||     1
 Cast: Spectral Weapon   |       |       |       |       |       |       |       |       |    32 ||    32
       Apportation       |       |       |       |       |       |       |       |       |     2 ||     2
       Haste             |       |       |       |       |       |       |       |       |    22 ||    22
       Regeneration      |       |       |       |       |       |       |       |       |    31 ||    31
       Silence           |       |       |       |       |       |       |       |       |     9 ||     9
       Blink             |       |       |       |       |       |       |       |       |     4 ||     4
Invok: Minor Destruction |       |       |       |    20 |    20 |    10 |    10 |       |       ||    60
       Lesser Servant of |       |       |       |    11 |    14 |    25 |    37 |     1 |       ||    88
       Major Destruction |       |       |       |       |     1 |       |       |       |       ||     1
       Greater Servant o |       |       |       |       |       |     1 |     9 |    22 |    16 ||    48
 Abil: End Transformatio |       |       |       |       |     1 |       |       |       |       ||     1
       Bat Form          |       |       |       |       |     1 |       |       |       |       ||     1
Evoke: Wand              |       |       |     2 |     4 |       |     3 |     5 |    14 |    11 ||    39
       Rod               |       |       |       |       |     2 |       |       |       |       ||     2
       Lamp of fire      |       |       |       |       |       |       |     1 |       |       ||     1
       Phantom mirror    |       |       |       |       |       |       |     1 |       |       ||     1
  Use: Potion            |     1 |       |    30 |    30 |    40 |    29 |    29 |    30 |    41 ||   230
       Scroll            |       |       |    10 |    12 |     3 |    16 |    14 |    10 |    24 ||    89
 Stab: Distracted        |       |       |       |     4 |    14 |     8 |    21 |    10 |    11 ||    68
       Confused          |       |       |       |       |       |       |       |     1 |       ||     1
  Eat: Corpse            |     3 |     1 |     3 |     6 |    16 |    54 |    38 |    23 |    35 ||   179
Armor: Scale mail        |    42 |    91 |   226 |    12 |   329 |   665 |   569 |       |       ||  1934
       Mottled dragon ar |       |       |       |   228 |   251 |       |    48 |   708 |  1219 ||  2454
Dodge: Dodged            |     9 |    62 |   182 |   711 |  1663 |  2237 |  2039 |  3089 |  4884 || 14876
Block: Shield            |    45 |   106 |   287 |   399 |       |       |       |       |       ||   837
